 Dungeon Crawl Stone Soup version 0.31-a0-216-g22e908daa7 (webtiles) character file.

Game seed: 15846696205905041814

436 qw the Chopper (level 7, 0/44 HPs)
             Began as a Gargoyle Fighter on July 2, 2023.
             Slain by a killer bee (2 damage)
             ... on level 5 of the Dungeon.
             The game lasted 00:01:10 (2553 turns).

qw the Chopper (Gargoyle Fighter)                   Turns: 2553, Time: 00:01:10

Health: 0/44       AC: 13    Str: 21    XL:     7   Next: 1%
Magic:  7/7        EV:  7    Int:  9    God:
Gold:   50         SH:  4    Dex:  9    Spells: 6/6 levels left

rFire   . . .        Y - +0 war axe
rCold   . . .        c - +0 buckler
rNeg    + + .        f - +0 chain mail
rPois   inf          (no helmet)
rElec   +            (no cloak)
rCorr   .            (no gloves)
SInv    .            (no boots)
Will    .....        (no amulet) Stlth
                     e - ring of positive energy
HPRegen 0.27/turn    (no ring)
MPRegen 0.10/turn

%: no passive effects
@: no status effects
A: sickness immunity, AC +4, negative energy resistance 1, electricity
resistance, torment resistance 1, petrification resistance
a: no special abilities


You were on level 5 of the Dungeon.
You visited 1 branch of the dungeon, and saw 5 of its levels.

You collected 158 gold pieces.
You spent 108 gold pieces at shops.


Innate Abilities, Weirdness & Mutations

You are immune to sickness and miasma.
Your stone body is resilient. (AC +4)
You are immune to poison.
You resist negative energy. (rN+)
You are resistant to electric shocks. (rElec)
You are resistant to unholy torment.
You are immune to petrification.


   Skills:
 - Level 4.3 Fighting
 - Level 6.1 Axes
 - Level 3.2 Armour
 + Level 0.0 Dodging
 - Level 3.2 Shields


You had 6 spell levels left.
You didn't know any spells.
Your spell library was empty.

Inventory:

Hand Weapons
 a - a +0 flail
 Y - a +0 war axe (weapon)
Missiles
 i - 9 boomerangs (quivered)
Armour
 c - a +0 buckler (worn)
 f - a +0 chain mail (worn)
 n - a +0 cloak
Jewellery
 e - a ring of positive energy (left hand)
 g - an amulet of the acrobat
Scrolls
 o - a scroll of identify
Potions
 d - a potion of might
 h - 3 potions of enlightenment
 j - 2 potions of mutation {unknown}
 k - a potion of berserk rage {unknown}
 l - a potion of ambrosia {unknown}

Dungeon Overview and Level Annotations

Branches:
Dungeon (5/15)
 Temple: D:4-7

Altars:

Shops:
D:3 [*


Message History

You miss the killer bee. You barely miss the killer bee.
The killer bee stings you but does no damage.
The killer bee stings you. You block the killer bee's attack.
The killer bee barely misses you.
The killer bee stings you but does no damage.
The killer bee closely misses you.
You slash the killer bee!
You kill the killer bee!
You barely miss the killer bee. x2
The killer bee barely misses you. The killer bee stings you.
The killer bee stings you but does no damage. x4
Your Axes skill increases to level 6!
You have reached level 7!
You miss the killer bee.
The killer bee is moderately wounded.
You barely miss the killer bee. The killer bee stings you.
The killer bee stings you but does no damage. x3
You miss the killer bee.
The killer bee is moderately wounded.
You hit the killer bee. The killer bee stings you.
The killer bee barely misses you. x2
The killer bee closely misses you. x2; The killer bee stings you.
You barely miss the killer bee.
The killer bee is moderately wounded.
You slash the killer bee!
The killer bee stings you but does no damage. x2
The killer bee completely misses you. You block the killer bee's attack.
You closely miss the killer bee.
The killer bee is heavily wounded.
You closely miss the killer bee.
The killer bee stings you but does no damage.
The killer bee stings you!
The killer bee stings you but does no damage. x2
The killer bee closely misses you.
The killer bee stings you but does no damage.
You hit the killer bee.
The killer bee is severely wounded.
You hit the killer bee. The killer bee stings you.
You die...

..# #.# .. ..# #.# ...
..# #.##... ..# #.#...#
.## #.#.#.# ## #.#.#.# #
#.#.#.# # #.#y#y# #
#...@%# #
#################.#.#
....................#
#################.#......
#.#...... #.# ##### #..
###


You could see 2 killer bees.

Vanquished Creatures
  Grinder (D:3)
  2 killer bees (D:5)
  An orc wizard (D:3)
  4 gnolls (D:2)
  An adder (D:2)
  2 dart slugs
  9 orcs
  4 ball pythons
  3 endoplasms
  A giant cockroach (D:3)
  2 hobgoblins
  2 jackals (D:1)
  3 quokkas
  10 bats
  2 frilled lizards
  3 goblins
  6 kobolds
  6 rats
62 creatures vanquished.

Notes
Turn   | Place    | Note
-------+----------+-------------------------------------------
     0 | D:1      | qw the Gargoyle Fighter began the quest for the Orb.
     0 | D:1      | Reached XP level 1. HP: 14/14 MP: 1/1
     0 | D:1      | 0 ||| qw: Version: 0.3-a-35-g05ef00e
     0 | D:1      | 0 ||| qw: Game counter: 7813
     0 | D:1      | 0 ||| qw: Melee chars always use a shield: true
     0 | D:1      | 0 ||| qw: God list: Okawaru
     0 | D:1      | 0 ||| qw: Allow faded altars: false
     0 | D:1      | 0 ||| qw: Do Orc after clearing Dungeon:15 true
     0 | D:1      | 0 ||| qw: Do second Lair branch before Depths: true
     0 | D:1      | 0 ||| qw: Lair rune preference: random
     0 | D:1      | 0 ||| qw: Goals: Normal, Zot:1-4, Slime:5, God:TSO, Crypt,
                  | Tomb, Abyss, Pan, Hells, Win
     0 | D:1      | 0 ||| PLANNING D:1-11
   135 | D:1      | 135 ||| DROPPING +0 club.
   161 | D:1      | Reached skill level 2 in Axes
   307 | D:1      | 307 ||| Stepping ~*~*~tactically~*~*~ (hiding).
   318 | D:1      | Reached XP level 2. HP: 17/19 MP: 2/2
   716 | D:1      | 716 ||| Stepping ~*~*~tactically~*~*~ (stealth).
   730 | D:1      | Reached skill level 3 in Axes
   814 | D:1      | 814 ||| UPGRADING to ring of positive energy.
   815 | D:1      | 815 ||| READING 2 scrolls labelled TOEROA DOJEUM.
   816 | D:1      | 816 ||| READING scroll labelled SIFOUM LUOTWEO.
   817 | D:1      | 817 ||| DRINKING 3 red potions.
   818 | D:1      | 818 ||| DROPPING scroll of fog.
   866 | D:2      | Reached XP level 3. HP: 23/23 MP: 3/3
   960 | D:2      | 960 ||| Stepping ~*~*~tactically~*~*~ (stealth).
   970 | D:2      | 970 ||| FLEEEEING.
   971 | D:2      | 971 ||| FLEEEEING.
   972 | D:2      | 972 ||| FLEEEEING.
   980 | D:2      | Reached XP level 4. HP: 24/28 MP: 4/4
   986 | D:2      | Reached skill level 4 in Axes
  1054 | D:2      | 1054 ||| DROPPING +0 mace.
  1147 | D:2      | 1147 ||| Stepping ~*~*~tactically~*~*~ (hiding).
  1150 | D:2      | 1150 ||| Stepping ~*~*~tactically~*~*~ (hiding).
  1446 | D:2      | 1446 ||| READING scroll labelled BUPIDY YLYNYONAET.
  1447 | D:2      | 1447 ||| DRINKING 3 amethyst potions.
  1514 | D:3      | Noticed Grinder
  1516 | D:3      | Paralysed by Grinder for 5 turns
  1532 | D:3      | HP: 6/28 [Grinder (2)]
  1533 | D:3      | 1533 ||| DRINKING 2 potions of heal wounds.
  1533 | D:3      | Paralysed by Grinder for 5 turns
  1543 | D:3      | HP: 6/28 [Grinder/nerve-wracking pain (3)]
  1544 | D:3      | 1544 ||| DRINKING potion of heal wounds.
  1549 | D:3      | Paralysed by Grinder for 2 turns
  1551 | D:3      | Killed Grinder
  1552 | D:3      | Reached skill level 5 in Axes
  1552 | D:3      | Reached XP level 5. HP: 21/32 MP: 5/5
  1552 | D:3      | Reached XP level 6. HP: 24/37 MP: 6/6
  1556 | D:3      | 1556 ||| Stepping ~*~*~tactically~*~*~ (stealth).
  1558 | D:3      | 1558 ||| Stepping ~*~*~tactically~*~*~ (stealth).
  1559 | D:3      | 1559 ||| Stepping ~*~*~tactically~*~*~ (stealth).
  1561 | D:3      | 1561 ||| Stepping ~*~*~tactically~*~*~ (stealth).
  1605 | D:3      | Found Ohahylext's Armour Shop.
  1613 | D:3      | 1613 ||| SHOPLISTING +0 buckler of the Ageless Olives
                  | {Str+4 Slay+3} (390 gold, have 115).
  1613 | D:3      | 1613 ||| BUYING +0 chain mail (54 gold).
  1613 | D:3      | Bought a +0 chain mail for 54 gold pieces
  1613 | D:3      | 1613 ||| BUYING +0 cloak (54 gold).
  1613 | D:3      | Bought a +0 cloak for 54 gold pieces
  1613 | D:3      | 1613 ||| SHOPLISTING +0 helmet (54 gold, have 7).
  1613 | D:3      | 1613 ||| SHOPLISTING +0 kite shield (54 gold, have 7).
  1613 | D:3      | 1613 ||| SHOPLISTING +2 leather armour of Qehuxist
                  | {*Corrode rC+++ Str+4 Dex-3} (606 gold, have 7).
  1618 | D:3      | Found Dakyusani's General Store.
  1621 | D:3      | 1621 ||| SHOPLISTING potion of haste (130 gold, have 7).
  1621 | D:3      | 1621 ||| SHOPLISTING potion of heal wounds (65 gold, have
                  | 7).
  1635 | D:3      | Found a faded altar of an unknown god.
  1693 | D:3      | 1693 ||| Stepping ~*~*~tactically~*~*~ (stealth).
  1695 | D:3      | 1695 ||| Stepping ~*~*~tactically~*~*~ (stealth).
  1971 | D:3      | 1971 ||| Stepping ~*~*~tactically~*~*~ (stealth).
  1973 | D:3      | 1973 ||| Stepping ~*~*~tactically~*~*~ (stealth).
  1975 | D:3      | 1975 ||| Stepping ~*~*~tactically~*~*~ (hiding).
  1986 | D:3      | 1986 ||| DRINKING potion of curing.
  1986 | D:3      | 1986 ||| (to cure confusion)
  2024 | D:3      | 2024 ||| Stepping ~*~*~tactically~*~*~ (stealth).
  2329 | D:3      | 2329 ||| UPGRADING to +0 chain mail.
  2339 | D:3      | 2339 ||| DROPPING +0 scale mail.
  2340 | D:3      | 2340 ||| READING scroll labelled BAGEROCROG.
  2474 | D:4      | You fall into a shaft and drop 1 floor!
  2474 | D:5      | Entered Level 5 of the Dungeon
  2475 | D:5      | 2475 ||| PLANNING OSSUARY
  2507 | D:5      | 2507 ||| Stepping ~*~*~tactically~*~*~ (stealth).
  2518 | D:5      | 2518 ||| Stepping ~*~*~tactically~*~*~ (stealth).
  2519 | D:5      | 2519 ||| Stepping ~*~*~tactically~*~*~ (stealth).
  2528 | D:5      | 2528 ||| Stepping ~*~*~tactically~*~*~ (stealth).
  2529 | D:5      | 2529 ||| Stepping ~*~*~tactically~*~*~ (stealth).
  2534 | D:5      | 2534 ||| Stepping ~*~*~tactically~*~*~ (stealth).
  2538 | D:5      | 2538 ||| Stepping ~*~*~tactically~*~*~ (stealth).
  2549 | D:5      | Reached skill level 6 in Axes
  2549 | D:5      | Reached XP level 7. HP: 13/44 MP: 7/7
  2550 | D:5      | HP: 11/44 [killer bee (2)]
  2552 | D:5      | HP: 1/44 [killer bee (7)]
  2553 | D:5      | Slain by a killer bee

Levels and vault maps discovered:
D:1:      matt_arrival_los_fun, layout_basic
D:2:      layout_basic
D:3:      layout_loops_ring, serial_shops, shop, nicolae_shop_behind_doors,
          shapermc_ecumenical_altar_venn, palyth_stone_intersect, uniq_grinder
D:4:      layout_gridville, xom_redecorated, nicolae_shop_vocational
D:5:      layout_basic, minmay_temple_entry_waves, serial_shops, shop,
          nicolae_ossuary_entry_catacombs

Skill      XL: |  1  2  3  4  5  6 |
---------------+-------------------+-----
Axes           | 2 3 5 6 |  6.1
Fighting       | 4 |  4.3
Armour         | |  3.2
Shields        | |  3.2

Action                     |  1- 3 |  4- 6 |  7- 9 || total
---------------------------+-------+-------+-------++-------
  Melee: War axe           |    73 |    99 |     5 ||   177
  Throw: Boomerang         |    23 |    33 |       ||    56
    Use: Scroll            |     2 |     2 |       ||     4
         Potion            |     1 |     4 |       ||     5
 Armour: Scale mail        |    41 |    54 |       ||    95
         Chain mail        |       |    27 |     9 ||    36
  Dodge: Dodged            |    34 |    42 |     6 ||    82
  Block: Buckler           |    13 |    25 |     1 ||    39

Table legend:
 A = Non-vault XP
 B = Vault XP
 C = Vault XP percentage of total XP
 D = Non-vault monster count
 E = Vault monster count
 F = Vault count percentage of total count
                 A         B        C        D         E       F
            +---------+---------+-------+---------+---------+-------
      Total |     328 |     295 |  47.4 |      61 |       1 |   1.6
            +---------+---------+-------+---------+---------+-------
        D:1 |      31 |       0 |   0.0 |      19 |       0 |   0.0
        D:2 |      83 |       0 |   0.0 |      15 |       0 |   0.0
        D:3 |      81 |     295 |  78.5 |      22 |       1 |   4.3
        D:5 |     133 |       0 |   0.0 |       5 |       0 |   0.0
            +---------+---------+-------+---------+---------+-------
